AoeStats
← Hannibakk

Arabia

508120304Analyzed
2v2 RM · 11d ago on Sep 21, 2026· 50m 59s· 4 players
Game mode
Random Map
Map size
Medium (4 player)
Population
200
Speed
Normal
Resources
Standard
Victory
Conquest
Starting age
Dark Age
Ending age
Imperial Age
RankedLock teamsTeams togetherTeam positionsShared explorationLock speedFull tech treeHidden civsTurbo modeCheats
Victory
Defeat
🇧🇷 Franks · Brazil
924
+16
🇧🇷 Vietnamese · Brazil
814
+21
🇫🇷 Koreans · France
925
-19
🇺🇸 Dravidians · United States
909
-18
Haruxo
7:40 Loom
10:32 Feudal Age
22:35 Castle Age
33:44 Wheelbarrow
32:54 Town Watch
32:43 Crossbowman
33:28 Thumb Ring
33:07 Horse Collar
33:15 Double-Bit Axe
35:19 Fletching
35:30 Padded Archer Armor
36:03 Bodkin Arrow
36:41 Hand Cart
36:27 Town Patrol
36:57 Ballistics
39:15 Coinage
39:56 Town Patrol
42:44 Imperial Age
41:21 Leather Archer Armor
43:10 Elite Rattan Archer
45:58 Chemistry
45:09 Gold Mining
45:09 Stone Mining
46:20 Bracer
46:51 Ring Archer Armor
TUE
11:36 Feudal Age
14:38 Loom
18:36 Wheelbarrow
20:39 Gold Mining
23:35 Castle Age
25:27 Forging
25:24 Scale Barding Armor
29:50 Gold Shaft Mining
31:49 Chain Barding Armor
32:05 Iron Casting
36:34 Imperial Age
34:20 Hand Cart
38:12 Cavalier
38:52 Husbandry
41:06 Blast Furnace
40:42 Plate Barding Armor
40:42 Paladin
dj_gore
12:11 Feudal Age
12:39 Double-Bit Axe
16:53 Castle Age
16:35 Stone Mining
17:15 Horse Collar
19:08 Bow Saw
18:46 Loom
22:42 Town Watch
23:35 Wheelbarrow
23:38 Gold Mining
25:00 Scale Mail Armor
27:11 Town Patrol
29:44 Chain Mail Armor
29:40 Forging
32:15 Hand Cart
35:18 Imperial Age
34:21 Iron Casting
33:52 Scale Barding Armor
33:48 Padded Archer Armor
33:39 Fletching
34:21 Arson
34:37 Squires
35:26 Heavy Plow
37:17 Chemistry
36:13 Murder Holes
37:28 Two-Man Saw
36:00 Elite Urumi Swordsman
40:16 Siege Elephant
48:00 Chain Barding Armor
48:14 Plate Mail Armor
48:45 Blast Furnace
Hannibakk
2:54 Loom
13:12 Feudal Age
Connection lost

Rejoining the realm…

Still unreachable

The connection could not be restored.

Session expired

The server has moved on; the page needs a fresh start.